 Dungeon Crawl Stone Soup version 0.28.0-43-g3370ac3207 (webtiles) character file.

Game seed: 6191657857236913619

201 crimpus the Bolt Thrower (level 6, 0/37 HPs)
             Began as a Kobold Hunter on Mar 26, 2022.
             Succumbed to a scorpion's poison
             ... on level 4 of the Dungeon.
             The game lasted 00:03:43 (2991 turns).

crimpus the Bolt Thrower (Kobold Hunter)            Turns: 2991, Time: 00:03:44

Health: 0/37       AC:  4    Str:  7 (9)  XL:     6   Next: 7%
Magic:  6/6        EV: 15    Int: 10 (12) God:
Gold:   98         SH:  0    Dex: 15 (18) Spells: 5/5 levels left

rFire   + . .      SeeInvis .   b - +0 short sword
rCold   . . .      Faith    .   (no shield)
rNeg    . . .      Spirit   .   h - +2 robe of Peek-a-Boo {rF+}
rPois   .          Reflect  .   (no helmet)
rElec   .          Harm     .   (no cloak)
rCorr   .          Rampage  .   (no gloves)
Will    .....                   (no boots)
Stlth   +++.......              (no amulet)
HPRegen 0.12/turn               (no ring)
MPRegen 0.10/turn               (no ring)

@: lethally poisoned (0 -> -8)
A: small, no large weapons, nightstalker 3
a: no special abilities


You were on level 4 of the Dungeon.
You visited 1 branch of the dungeon, and saw 4 of its levels.

You collected 98 gold pieces.

Inventory:

Hand Weapons
 a - a +1 hand crossbow
 b - a +0 short sword (weapon)
Missiles
 d - 15 bolts
Armour
 c - a +0 leather armour
 h - the +2 robe of Peek-a-Boo (worn) {rF+}
   (You found it on level 2 of the Dungeon)

   rF:        It protects you from fire.
Jewellery
 i - a ring of magical power
Scrolls
 f - 2 scrolls of identify
 g - a scroll of holy word
 j - 2 scrolls of enchant armour {unknown}
Potions
 e - a potion of degeneration


   Skills:
 * Level 3.0 Fighting
 * Level 1.5 Short Blades
 * Level 7.1 Crossbows
 * Level 3.1 Dodging
 * Level 2.6 Stealth


You had 5 spell levels left.
You didn't know any spells.
Your spell library was empty.

Dungeon Overview and Level Annotations

Branches:
Dungeon (4/15)
 Temple: D:4-7

Altars:

Annotations:
D:4 Duvessa


Innate Abilities, Weirdness & Mutations

You are small and have problems with some larger weapons.
You are completely attuned to the shadows.


Message History

You hit the scorpion but do no damage. You punch the scorpion.
The scorpion is severely wounded.
You feel sick. The scorpion stings you! x2
* * * LOW HITPOINT WARNING * * *
You are lethally poisoned!
The scorpion poisons you!
You hit the scorpion but do no damage.
The scorpion is heavily wounded.
* * * LOW HITPOINT WARNING * * *
You feel very sick. The scorpion stings you.
* * * LOW HITPOINT WARNING * * *
It was a potion of degeneration.
There was something very wrong with that liquid.
You feel weakened.
You feel dopey.
You feel clumsy.
* * * LOW HITPOINT WARNING * * *
You feel sick.
You hear a shout!
The scorpion barely misses you.
You hear a shout!
It was a potion of curing.
You feel better. The scorpion misses you.
As you read the scroll labelled MATHRO RIYRULUB, it crumbles to dust.
It is a scroll of identify.
g - a scroll of holy word You hear a shout!
The scorpion stings you.
* * * LOW HITPOINT WARNING * * *
You are lethally poisoned!
The scorpion poisons you!
As you read the scroll labelled VOCORI HIYF, it crumbles to dust.
You hear a loud clanging noise!
It was a scroll of noise.
* * * LOW HITPOINT WARNING * * *
You feel sick.
You hear a shout!
You hear a bark!
You hear an angry hiss.
You hear an angry growl.
You hear a shout!
You hear a bark!
You hear a shout! x2
The scorpion completely misses you.
You hear a shout!
The scorpion misses you.
You die...

#### #... #...
###################...
...s.@...........##...
################......
####... #### #####...
###..# #....... ..#
##....#####.##..##
#.####............##.##
....
#.##...#...........#...
....
#)##.###......>........


You could see a scorpion.

Vanquished Creatures
  A bullfrog (D:4)
  Dowan (D:4)
  An orc wizard (D:3)
  2 adders (D:3)
  5 orcs
  2 endoplasms
  2 giant cockroaches
  6 goblins
  2 hobgoblins
  3 kobolds
  A quokka (D:3)
  7 ball pythons
  7 bats
  4 frilled lizards
  4 rats (D:2)
48 creatures vanquished.

Notes
Turn   | Place    | Note
-------+----------+-------------------------------------------
     0 | D:1      | crimpus the Kobold Hunter began the quest for the Orb.
     0 | D:1      | Reached XP level 1. HP: 12/12 MP: 1/1
   153 | D:1      | Reached skill level 5 in Crossbows
   200 | D:1      | Reached XP level 2. HP: 17/17 MP: 2/2
  1105 | D:2      | Identified the +2 robe of Peek-a-Boo {rF+}
  1270 | D:2      | Reached XP level 3. HP: 21/21 MP: 3/3
  1723 | D:3      | Reached skill level 6 in Crossbows
  1723 | D:3      | Reached XP level 4. HP: 27/27 MP: 4/4
  2154 | D:3      | Found a faded altar of an unknown god.
  2438 | D:4      | Noticed Dowan
  2452 | D:4      | Killed Dowan
  2453 | D:4      | Reached skill level 1 in Short Blades
  2453 | D:4      | Reached XP level 5. HP: 16/32 MP: 5/5
  2454 | D:4      | Noticed Duvessa
  2830 | D:4      | Noticed a bullfrog
  2840 | D:4      | Killed a bullfrog
  2841 | D:4      | Reached skill level 7 in Crossbows
  2841 | D:4      | Reached XP level 6. HP: 29/37 MP: 6/6
  2990 | D:4      | HP: 1/37 [poisoned by a scorpion]
  2991 | D:4      | Succumbed to a scorpion's poison

Illustrated notes

Levels and vault maps discovered:
D:1:      dpeg_arrival_circle_labyrinth_c, layout_basic
D:2:      layout_rooms, minmay_cupped
D:3:      minmay_general_purpose_star, layout_rooms,
          hellmonk_ecumenical_altar_heavens_door
D:4:      layout_rooms, trog_ov_bears_minmay, uniq_duvessa

Skill      XL: |  1  2  3  4  5 |
---------------+----------------+-----
Crossbows      | 5 6 7 |  7.1
Stealth        | 2 |  2.6
Short Blades   | 1 |  1.5
Dodging        | 3 |  3.1
Fighting       | 3 |  3.0

Action                   |  1- 3 |  4- 6 || total
-------------------------+-------+-------++-------
Melee: Short sword       |     9 |    34 ||    43
       Punch             |       |     2 ||     2
 Fire: Hand crossbow     |    56 |    29 ||    85
  Use: Scroll            |       |     2 ||     2
       Potion            |       |     2 ||     2
 Stab: Sleeping          |       |     2 ||     2
Armor: Robe              |     5 |    10 ||    15
       Leather armour    |     1 |       ||     1
Dodge: Dodged            |    16 |    34 ||    50
